Map: [ESL] Cosmic Sapphire

Players

Serral - Winner!

  • Race: Zerg Zerg
  • Spawn Location: 11:00

herO

  • Race: Protoss Protoss
  • Spawn Location: 5:00

VOD

Have the link to the VOD?

Description

Time

  • Played on: Nov. 4, 2022, 10:42 a.m.
  • Length: 10:37
Show
View Real Time Build Order
Export as new Build Order

Serral Zerg - Winner!

Build Orders: Hatch First 

Get SALT Encoding   

  12  0:00  Drone  
  13  0:12  Overlord  
  13  0:17  Drone  
  14  0:30  Drone  
  14  0:31  Drone  
  16  0:45  Drone  
  17  0:51  Hatchery  
  17  0:54  Drone  
  17  0:59  Drone  
  18  1:08  Extractor  
  17  1:14  Spawning Pool  
  17  1:15  Drone  
  17  1:20  Drone  
  18  1:28  Drone  
  19  1:38  Drone  
  20  1:50  Overlord  
  20  2:01  Queen  
  22  2:03  Queen  
  22  2:04  Zergling x4  
  26  2:10  Drone  
  26  2:15  Metabolic Boost, Drone  
  28  2:22  Drone  
  29  2:26  Drone  
  30  2:37  Hatchery  
  30  2:39  Drone  
  30  2:42  Drone  
  31  2:48  Queen  
  33  2:53  Overlord  
  33  2:56  Drone  
  33  2:58  Drone  
  35  2:59  Drone  
  35  3:04  Overlord  
  36  3:11  Queen  
  38  3:13  Drone  
  38  3:14  Drone  
  38  3:17  Drone  
  38  3:18  Drone  
  42  3:20  Drone  
  42  3:22  Drone  
  42  3:24  Drone  
  45  3:28  Queen  
  45  3:33  Overlord  
  47  3:36  Zergling x4  
  49  3:42  Drone  
  49  3:43  Drone  
  49  3:44  Overlord  
  49  3:47  Overlord  
  51  3:50  Zergling x2  
  51  3:51  Drone x2  
  54  3:58  Queen  
  54  4:00  Overlord  
  56  4:05  Spore Crawler x2  
  56  4:06  Drone  
  56  4:08  Drone  
  56  4:10  Drone  
  56  4:12  Drone  
  56  4:13  Drone  
  56  4:15  Drone x2  
  61  4:20  Drone, Overlord  
  63  4:24  Drone x2  
  63  4:25  Drone  
  64  4:33  Zergling x2, Roach Warren  
  64  4:34  Drone x2  
  64  4:38  Zergling x2  
  66  4:39  Drone x2  
  66  4:42  Drone  
  69  4:46  Lair  
  69  4:47  Extractor  
  69  4:50  Queen  
  70  4:56  Drone  
  70  4:58  Drone x2, Hatchery  
  72  5:00  Drone  
  72  5:03  Zergling x4  
  72  5:05  Drone  
  72  5:06  Drone x2  
  77  5:08  Zergling x2  
  77  5:09  Zergling x4  
  79  5:18  Roach  
  79  5:19  Overlord x2  
  80  5:21  Overlord  
  80  5:24  Overlord  
  77  5:32  Drone x6  
  81  5:39  Drone x4  
  84  5:48  Drone x3  
  87  5:51  Extractor  
  87  5:52  Hatchery, Extractor  
  87  5:53  Spire  
  87  5:54  Extractor x2  
  87  5:56  Drone  
  81  5:58  Drone x2  
  81  6:02  Glial Reconstitution  
  83  6:05  Roach x3  
  83  6:06  Evolution Chamber  
  83  6:10  Roach  
  83  6:11  Roach x2  
  93  6:15  Overlord  
  93  6:24  Roach x6  
  104  6:29  Overlord  
  104  6:30  Drone x2  
  104  6:31  Drone x2  
  108  6:33  Zerg Melee Weapons Level 1  
  108  6:37  Drone x2  
  108  6:38  Drone  
  111  6:40  Overlord  
  111  6:42  Zergling x4  
  113  6:47  Zergling x8  
  113  6:51  Zergling x4  
  118  6:59  Drone x4  
  121  7:02  Drone  
  121  7:03  Drone x2  
  121  7:04  Zergling x4  
  121  7:06  Overlord  
  126  7:11  Zergling x2, Extractor  
  126  7:13  Overlord  
  126  7:16  Zergling x2  
  126  7:17  Zergling x8  
  126  7:20  Overseer  
  126  7:21  Extractor  
  130  7:28  Mutalisk x7  
  144  7:40  Mutalisk  
  144  7:41  Mutalisk x2  
  150  7:49  Zerg Flyer Weapons Level 1  
  150  7:52  Drone x3  
  150  7:54  Overlord  
  150  7:55  Overlord x2  
  150  7:57  Hatchery  
  152  7:59  Overlord  
  152  8:09  Mutalisk x5  
  158  8:13  Zergling x10  
  158  8:18  Mutalisk  
  158  8:19  Mutalisk x2  
  169  8:21  Overlord  
  169  8:24  Overlord  
  169  8:28  Mutalisk x2  
  169  8:34  Mutalisk  
  170  8:42  Mutalisk x2  
  173  8:49  Drone x6  
  173  8:51  Mutalisk  
  173  8:52  Mutalisk  
  183  8:56  Mutalisk  
  183  9:02  Zergling x22  
  196  9:11  Baneling Nest  
  196  9:16  Mutalisk x2  
  195  9:19  Zergling x12  
  195  9:23  Mutalisk  
  197  9:29  Mutalisk x2  
  197  9:30  Zergling x8  
  192  9:38  Mutalisk x2  
  192  9:41  Extractor  
  192  9:42  Extractor  
  192  9:49  Mutalisk x2  
  192  9:52  Mutalisk  
  190  9:56  Zergling x6  
  190  9:57  Zergling x12  
  190  9:59  Spore Crawler  
  189  10:00  Drone x3  
  189  10:01  Zergling x2  
  189  10:02  Zergling x12  
  199  10:09  Mutalisk  
Show
View Real Time Build Order
Export as new Build Order

herO Protoss 

Build Orders: 1 Gate Expand 

Get SALT Encoding   

  12  0:00  Probe  
  13  0:13  Pylon  
  13  0:18  Probe (Chrono Boost)  
  14  0:27  Probe (Chrono Boost)  
  15  0:32  Probe (Chrono Boost)  
  16  0:42  Gateway  
  16  0:44  Probe  
  16  0:48  Assimilator  
  17  0:56  Probe  
  18  1:08  Probe  
  19  1:20  Probe  
  20  1:27  Nexus  
  20  1:35  Cybernetics Core  
  20  1:38  Probe  
  21  1:45  Assimilator  
  21  1:50  Probe  
  22  1:54  Pylon  
  22  2:03  Probe (Chrono Boost)  
  23  2:12  Adept  
  23  2:15  Probe (Chrono Boost)  
  26  2:17  Stargate  
  26  2:22  Probe (Chrono Boost)  
  27  2:26  Warp Gate  
  27  2:30  Probe (Chrono Boost)  
  28  2:40  Probe (Chrono Boost)  
  28  2:42  Adept  
  32  2:47  Probe (Chrono Boost)  
  32  2:49  Probe (Chrono Boost)  
  33  2:53  Probe (Chrono Boost)  
  33  2:54  Probe  
  39  3:06  Probe x2, Void Ray (Chrono Boost)  
  39  3:11  Pylon  
  41  3:14  Adept  
  43  3:21  Probe x2  
  49  3:35  Probe x2  
  49  3:38  Void Ray (Chrono Boost)  
  51  3:50  Nexus  
  51  3:52  Pylon  
  51  3:56  Probe x2  
  53  4:09  Probe  
  54  4:10  Probe  
  54  4:12  Assimilator  
  54  4:14  Void Ray (Chrono Boost)  
  54  4:15  Assimilator  
  59  4:20  Twilight Council  
  59  4:22  Forge  
  59  4:24  Probe  
  60  4:25  Probe  
  61  4:35  Pylon  
  61  4:38  Probe  
  62  4:41  Robotics Facility  
  62  4:48  Protoss Ground Weapons Level 1 (Chrono Boost)  
  62  4:53  Gateway, Probe x2  
  62  4:55  Stalker  
  62  4:57  Gateway  
  66  5:05  Blink  
  66  5:06  Probe  
  66  5:07  Probe x2  
  69  5:18  Probe  
  69  5:19  Probe x2  
  70  5:28  Warp Prism (Chrono Boost)  
  70  5:31  Probe x2  
  70  5:33  Probe, Stalker  
  73  5:40  Gateway  
  73  5:41  Pylon  
  72  5:43  Shield Battery  
  72  5:44  Probe x2  
  72  5:45  Probe  
  72  5:48  Robotics Bay  
  75  5:52  Shield Battery  
  75  5:57  Probe x3, Stalker  
  77  5:58  Observer  
  77  6:02  Stalker x2  
  85  6:13  Probe x2  
  85  6:14  Probe  
  85  6:15  Pylon  
  88  6:19  Gateway x2  
  88  6:20  Pylon  
  88  6:32  Disruptor (Chrono Boost)  
  77  6:35  Stalker  
  77  6:36  Stalker x2  
  86  6:41  Nexus  
  86  6:43  Protoss Ground Weapons Level 2 (Chrono Boost), Pylon  
  86  6:48  Probe  
  86  6:49  Probe x2  
  88  6:59  Disruptor (Chrono Boost)  
  88  7:01  Probe x3  
  94  7:05  Stalker x2  
  94  7:08  Shield Battery, Photon Cannon  
  98  7:13  Probe, Stalker  
  98  7:14  Stalker x2  
  105  7:16  Probe x2  
  105  7:21  Gateway  
  105  7:22  Gateway  
  107  7:26  Disruptor  
  110  7:35  Charge  
  110  7:37  Probe, Gateway  
  110  7:38  Probe x2  
  110  7:39  Gateway  
  110  7:42  Pylon  
  110  7:43  Stalker  
  115  7:48  Stalker  
  117  7:54  Stalker x3  
  119  8:11  Stalker x3  
  123  8:12  Probe  
  123  8:13  Probe  
  123  8:15  Gateway  
  122  8:21  Gateway  
  122  8:23  Phoenix (Chrono Boost)  
  122  8:24  Stalker  
  123  8:30  Stalker  
  123  8:32  Probe x2  
  123  8:33  Probe x2  
  126  8:38  Zealot x5  
  136  8:48  Probe x4  
  137  8:50  Shield Battery  
  137  8:55  Shield Battery  
  137  8:56  Stalker  
  139  9:04  Photon Cannon  
  139  9:09  Phoenix (Chrono Boost), Pylon  
  140  9:11  Pylon  
  139  9:18  Zealot  
  139  9:21  Stalker x2  
  139  9:23  Zealot x3  
  136  9:28  Probe x3  
  127  9:32  Probe  
  123  9:40  Probe x2  
  123  9:42  Stalker x4  
  123  9:43  Zealot x3  
  123  9:44  Zealot x2  
  108  10:12  Stalker  
  108  10:13  Zealot, Stalker x4  
  108  10:14  Zealot x2  
Tags
 
Add a new tag
Caveats
  • Supply blocks, unpowered buildings, or Contaminate may cause inaccurate times.
  • Supply counts are checked every 10 seconds.